 Dungeon Crawl Stone Soup version 0.29-a0-643-ga013cefcf8 (webtiles) character file.

Game seed: 10052258679150804333

13034 spaghetti the Fighter (level 12, -20/103 HPs)
             Began as a Gnoll Wanderer on June 19, 2022.
             Was a Believer of Cheibriados.
             Demolished by a very large slime creature (46 damage)
             ... on level 12 of the Dungeon.
             The game lasted 00:20:29 (12668 turns).

spaghetti the Fighter (Gnoll Wanderer)             Turns: 12668, Time: 00:20:30

Health: -20/103    AC:  6    Str: 13 (14) XL:     12   Next: 1%
Magic:  22/22      EV: 23    Int: 11 (14) God:    Cheibriados [**....]
Gold:   423        SH:  0    Dex: 32 (33) Spells: 22/24 levels left

rFire   + . .      SeeInvis .   t - +10 spear "Fuothrap" {protect, rF+ rC+ Dex+3, polearm}
rCold   + . .      Faith    +   I - +2 buckler
rNeg    . . .      Spirit   .   P - +0 troll leather armour
rPois   .          Reflect  .   x - +0 helmet
rElec   .          Harm     .   w - scarf {shadows}
rCorr   .          Rampage  .   (no gloves)
Will    .....                   (no boots)
Stlth   ++........              s - amulet of faith {!P}
HPRegen 1.07/turn               C - +4 ring of evasion
MPRegen 0.18/turn               h - +6 ring of dexterity

@: confused, ambrosia-drunk, flying, very slow
A: fangs 1, strong nose, distributed training
a: Renounce Religion, Bend Time


You were on level 12 of the Dungeon.
You worshipped Cheibriados.
Cheibriados was pleased with you.
You visited 2 branches of the dungeon, and saw 14 of its levels.

You collected 805 gold pieces.
You spent 382 gold pieces at shops.


Innate Abilities, Weirdness & Mutations

You have very sharp teeth.
Your uncanny sense of smell can sniff out nearby items.
Your experience applies equally to all skills.


   Skills:
 + Level 12.4 Fighting
 + Level 6.8 Short Blades
 + Level 6.8 Long Blades
 + Level 6.8 Axes
 + Level 6.8 Maces & Flails
 + Level 6.8 Polearms
 + Level 8.3 Staves
 + Level 6.8 Slings
 + Level 6.8 Bows
 + Level 6.8 Crossbows
 + Level 6.8 Throwing
 + Level 6.8 Armour
 + Level 6.8 Dodging
 + Level 9.2 Stealth
 + Level 6.8 Shields
 + Level 6.8 Unarmed Combat
 + Level 6.8 Spellcasting
 + Level 5.6 Conjurations
 + Level 5.6 Hexes
 + Level 5.6 Summonings
 + Level 5.6 Necromancy
 + Level 5.6 Translocations
 + Level 5.6 Transmutations
 + Level 5.6 Fire Magic
 + Level 5.6 Ice Magic
 + Level 5.6 Air Magic
 + Level 5.6 Earth Magic
 + Level 5.6 Poison Magic
 + Level 7.5 Invocations
 + Level 6.8 Evocations


You had 22 spell levels left.
You knew the following spells:

 Your Spells              Type           Power      Damage    Failure   Level
a - Wereblood             Tmut           16%        N/A       4%          2

Your spell library contained the following spells:

 Spells                   Type           Power      Damage    Failure   Level
 Beastly Appendage        Tmut           32%        N/A       2%          1
 Freeze                   Ice            64%        1d8       2%          1
 Magic Dart               Conj           64%        1d6       2%          1
 Shock                    Conj/Air       64%        1d7       2%          1
 Blink                    Tloc           32%        N/A       4%          2
 Searing Ray              Conj           32%        2d5       4%          2
 Frozen Ramparts          Ice            32%        1d5       9%          3
 Spider Form              Tmut/Pois      16%        N/A       9%          3
 Summon Guardian Golem    Hex/Summ       16%        N/A       9%          3
 Swiftness                Air            16%        N/A       9%          3
 Airstrike                Air            8%         N/A       26%         4
 Fulminant Prism          Conj/Hex       8%         3d7       26%         4
 Hailstorm                Conj/Ice       16%        3d6       26%         4
 Manifold Assault         Tloc           16%        N/A       58%         5
 Storm Form               Tmut/Air       8%         N/A       100%        7
 Summon Horrible Things   Summ           8%         N/A       100%        8

Inventory:

Hand Weapons
 a - a +1 dagger {short}
 d - a +0 quarterstaff {staff}
 t - the +10 spear "Fuothrap" (weapon) {protect, rF+ rC+ Dex+3, polearm}
   (You found it on level 3 of the Dungeon)

   It grants its wielder temporary protection when it strikes (+7 to AC).
   Dex:       It affects your dexterity (+3).
   rF:        It protects you from fire.
   rC:        It protects you from cold.
Missiles
 b - 2 atropa-tipped darts {throwing}
 c - 2 datura-tipped darts {throwing}
 i - 3 boomerangs {throwing}
 n - 103 stones (quivered) {throwing}
 v - 24 poisoned darts {throwing}
Armour
 f - a +0 leather armour
 w - a scarf of shadows (worn)
   (You found it on level 3 of the Dungeon)
 x - a +0 helmet (worn)
   (You found it on level 3 of the Dungeon)
 I - a +2 buckler (worn)
   (You found it on level 9 of the Dungeon)
 P - a +0 troll leather armour (worn)
   (You found it on level 10 of the Dungeon)
Magical Staves
 y - a staff of fire {!astaff}
   (You found it on level 4 of the Dungeon)
Jewellery
 h - a +6 ring of dexterity (right hand)
   (You found it on level 1 of the Dungeon)
 s - an amulet of faith (around neck) {!P}
   (You found it on level 3 of the Dungeon)
 B - a ring of magical power
   (You found it on level 4 of the Dungeon)
 C - a +4 ring of evasion (left hand)
   (You found it on level 5 of the Dungeon)
 H - an amulet of reflection
   (You found it on level 8 of the Dungeon)
 L - a ring of see invisible
   (You found it on level 9 of the Dungeon)
 Q - an amulet of regeneration {@e2}
   (You found it on level 10 of the Dungeon)
Wands
 k - a wand of iceblast (15)
   (You found it on level 8 of the Dungeon)
 E - a wand of paralysis (2)
   (You found it on level 7 of the Dungeon)
 M - a wand of polymorph (4)
   (You found it on level 9 of the Dungeon)
 T - a wand of flame (8)
   (You found it on level 11 of the Dungeon)
Scrolls
 e - a scroll of fog
 g - 3 scrolls of immolation {!r!r}
 j - 2 scrolls of fear
 o - 3 scrolls of enchant armour
 p - 2 scrolls of torment {!r}
 q - a scroll of poison {!r}
 D - 4 scrolls of teleportation {@r4}
 J - 3 scrolls of enchant weapon
 K - 2 scrolls of magic mapping {!r}
 N - 2 scrolls of noise {!r}
 R - 4 scrolls of identify {@r1}
Potions
 l - 5 potions of curing {@q1}
 m - a potion of magic
 r - 4 potions of cancellation
 u - a potion of resistance
 z - 5 potions of degeneration {!q@e2}
 A - a potion of flight
 O - a potion of mutation {unknown}
 S - 2 potions of brilliance
 W - a potion of haste {unknown}
Miscellaneous
 G - a phantom mirror
   (You found it on level 1 of the Lair of Beasts)
 V - a box of beasts
   (You found it on level 11 of the Dungeon)

Dungeon Overview and Level Annotations

Branches:
Dungeon (12/15) Zot: 40481  Temple (0/1) D:6            Lair (2/6) D:8 Zot: 13593
    Orc (0/2) D:9
  Swamp: Lair:2-4    Shoals: Lair:2-4     Snake: Lair:2-4    Spider: Lair:2-4

Altars:
Cheibriados
Okawaru
Trog

Shops:
D:9

? #.. #.# #
##.###### ..
#........
...##.o......
...^.Oyo.....
#)@J.....
#.yy.....
#.W......
#######.# #


You could see a very large slime creature (ally target), an orc warrior (ally
target), an orc, a friendly two-headed ogre (summoned), a friendly wraith
(summoned) and 3 friendly vampire mosquitoes.


Message History

You hit the slime creature. You block the orc's attack.
The orc warrior hits you from afar with a +0 trident.
The slime creature completely misses you. 😕 HP[-2]
You take 2 damage, and now have 77/96 hp.
You hit the slime creature. 😕 HP[+1]
You puncture the slime creature!
You bite the slime creature, but do no damage.
The orc closely misses you. The orc warrior closely misses you.
The very large slime creature hits you!!
You block the slime creature's attack. 😮 HP[-24]
You take 24 damage, and now have 54/96 hp.
MASSIVE DAMAGE!! (PAUSE) Unknown command.
You puncture the slime creature! The orc barely misses you.
You block the orc warrior's attack.
The very large slime creature hits you!!
* * * LOW HITPOINT WARNING * * *
The slime creature hits you.
* * * LOW HITPOINT WARNING * * *
😱 HP[-35]
You take 35 damage, and now have 19/96 hp.
MASSIVE DAMAGE!! (PAUSE) Unknown command.
As you read the scroll of summoning, it crumbles to dust.
Wisps of shadow whirl around you... The orc misses you.
The orc warrior misses you.
The very large slime creature hits you but does no damage.
You block the slime creature's attack. 😱 HP[+1] Unknown command.
Okay, then.
It was a potion of degeneration.
There was something very wrong with that liquid.
You feel weakened.
You feel dopey.
You feel clumsy.
Your vampire mosquito barely misses the slime creature.
You block the orc warrior's attack.
You block the very large slime creature's attack.
The slime creature hits you but does no damage.
The orc misses you.
Your wraith completely misses the slime creature.
Your two-headed ogre barely misses the orc warrior. x2 😱 HP[+1] It was a potion of flight.
You feel very buoyant.
You fly up into the air.
Your vampire mosquito barely misses the slime creature.
Your vampire mosquito bites the very large slime creature.
Your vampire mosquito draws strength from the very large slime creature's injuries!
Your vampire mosquito bites the slime creature!
Your vampire mosquito draws strength from the slime creature's injuries!
Your vampire mosquito bites the very large slime creature.
Your vampire mosquito draws strength from the very large slime creature's injuries!
Your vampire mosquito bites the slime creature!
Your vampire mosquito draws strength from the slime creature's injuries!
The orc warrior misses you.
You block the very large slime creature's attack.
The slime creature hits your vampire mosquito!!
The orc misses you.
Your wraith hits the slime creature. 😱 HP[+1] It was a potion of ambrosia.
You are confused.
You feel invigorated.
Your vampire mosquito bites the slime creature!
The slime creature dies!
Cheibriados appreciates the change of pace.
Your vampire mosquito bites the orc warrior!
Your vampire mosquito draws strength from the orc warrior's injuries!
Your vampire mosquito bites the very large slime creature!
Your vampire mosquito draws strength from the very large slime creature's injuries!
Your vampire mosquito barely misses the orc warrior.
Your vampire mosquito bites the very large slime creature!
Your vampire mosquito draws strength from the very large slime creature's injuries!
Your two-headed ogre barely misses the orc warrior.
Your two-headed ogre closely misses the orc warrior.
The very large slime creature barely misses you.
The orc warrior hits you from afar with a +0 trident.
* * * LOW HITPOINT WARNING * * *
The orc hits you but does no damage.
You have reached level 12!
You feel stronger. 😱 MP[+1]
You now have 103 max hp (+7).
Your mp is fully restored (22).
Unknown command.
Your vampire mosquito bites the very large slime creature!
Your vampire mosquito draws strength from the very large slime creature's injuries!
Your vampire mosquito bites the orc warrior.
Your vampire mosquito draws strength from the orc warrior's injuries!
Your vampire mosquito bites the very large slime creature.
Your vampire mosquito draws strength from the very large slime creature's injuries!
Your vampire mosquito bites the very large slime creature.
Your vampire mosquito draws strength from the very large slime creature's injuries!
Your vampire mosquito closely misses the orc warrior.
Your vampire mosquito bites the very large slime creature.
Your vampire mosquito draws strength from the very large slime creature's injuries!
The orc completely misses you.
The very large slime creature hits you!!!
You die...

Skill      XL: |  1  2  3  4  5  6  7  8  9 10 11 |
---------------+----------------------------------+-----
Fighting       | 11 12 | 12.4
Stealth        | 6 7 8 9 |  9.2
Invocations    | 1 2 3 4 5 6 7 |  7.5
Short Blades   | 1 2 3 4 5 6 |  6.8
Long Blades    | 1 2 3 4 5 6 |  6.8
Axes           | 1 2 3 4 5 6 |  6.8
Maces & Flails | 1 2 3 4 5 6 |  6.8
Polearms       | 1 2 3 4 5 6 |  6.8
Slings         | 1 2 3 4 5 6 |  6.8
Bows           | 1 2 3 4 5 6 |  6.8
Crossbows      | 1 2 3 4 5 6 |  6.8
Throwing       | 1 2 3 4 5 6 |  6.8
Armour         | 1 2 3 4 5 6 |  6.8
Dodging        | 1 2 3 4 5 6 |  6.8
Shields        | 1 2 3 4 5 6 |  6.8
Unarmed Combat | 1 2 3 4 5 6 |  6.8
Spellcasting   | 1 2 3 4 5 6 |  6.8
Evocations     | 1 2 3 4 5 6 |  6.8
Conjurations   | 1 2 3 4 5 |  5.6
Hexes          | 1 2 3 4 5 |  5.6
Summonings     | 1 2 3 4 5 |  5.6
Necromancy     | 1 2 3 4 5 |  5.6
Translocations | 1 2 3 4 5 |  5.6
Transmutations | 1 2 3 4 5 |  5.6
Fire Magic     | 1 2 3 4 5 |  5.6
Ice Magic      | 1 2 3 4 5 |  5.6
Air Magic      | 1 2 3 4 5 |  5.6
Earth Magic    | 1 2 3 4 5 |  5.6
Poison Magic   | 1 2 3 4 5 |  5.6
Staves         | 5 6 7 8 |  8.3

Action                   |  1- 3 |  4- 6 |  7- 9 | 10-12 || total
-------------------------+-------+-------+-------+-------++-------
Melee: Dagger            |    68 |    24 |       |       ||    92
       Bite              |     3 |    10 |    22 |   110 ||   145
       Spear             |       |    79 |   194 |   494 ||   767
       Punch             |       |     1 |     6 |     5 ||    12
Throw: Stone             |       |       |       |    14 ||    14
 Cast: Wereblood         |       |       |     2 |     1 ||     3
Evoke: Wand              |       |       |     3 |     1 ||     4
       Phantom mirror    |       |       |       |     1 ||     1
  Use: Potion            |       |     2 |     3 |     9 ||    14
       Scroll            |       |       |     7 |     8 ||    15
 Stab: Sleeping          |    24 |    14 |     9 |    13 ||    60
       Paralysed         |       |       |     4 |    10 ||    14
       Distracted        |       |       |       |     2 ||     2
Armor: Leather armour    |    12 |    29 |    44 |    44 ||   129
       Troll leather arm |       |       |       |    27 ||    27
Dodge: Dodged            |    30 |    25 |   171 |   309 ||   535
Block: Buckler           |       |       |       |   144 ||   144

Levels and vault maps discovered:
D:1:      wander_arrival_fairy_ring, layout_loops_ring
D:2:      layout_loops_ring, chequers_ecumenical_altar_grove
D:3:      layout_basic, uniq_jessica, uniq_robin
D:4:      layout_cave_pools
D:5:      layout_basic
D:6:      layout_rooms, fedhas_altar_1, mainiacjoe_overflow_alcove_4,
          mainiacjoe_overflow_six_doors_small,
          minmay_temple_entry_drinking_statues
D:7:      layout_gridville, general_overflow_altar, serial_bayou,
          serial_bayou_shore_b, serial_bayou_lake_a, serial_bayou_pond_e,
          serial_bayou_ford_a, minmay_misc_feat_square, grunt_ministairs_8,
          lightli_corner_chamber
D:8:      layout_loops_ring, slow_altar_1, david_lair_shrubbed,
          minmay_misc_feat_diagonals
D:9:      layout_cave_pools, trog_ov_bears_minmay, orc_0_dummy, serial_shops,
          nicolae_shop_advertising_works [nicolae_subvault_shop_adworks]
D:10:     layout_loops_corners
D:11:     layout_roguey, minivault_8, uniq_psyche
D:12:     layout_roguey, portal_ice_cave_entry_pillars_2
Lair:1:   layout_cave_pods, serial_rivers, chequers_serial_rivers_marsh,
          chequers_serial_rivers_small_3, chequers_serial_rivers_micro_a,
          chequers_serial_rivers_large_b, grunt_megastairs_1,
          infiniplex_staircase_pool_2
Lair:2:   layout_hall_layers, swamp_mist, beast_lair_carwin_5,
          lemuel_fruit_tree, grunt_megastairs_4

Notes
Turn   | Place    | Note
-------+----------+-------------------------------------------
     0 | D:1      | Reached skill level 10 in Fighting
     0 | D:1      | spaghetti the Gnoll Wanderer began the quest for the Orb.
     0 | D:1      | spaghetti set off with the following items: a +1 dagger
                  | {short}, 2 atropa-tipped darts {throwing}, 2 datura-tipped
                  | darts {throwing}, a +0 quarterstaff {staff}, a scroll of
                  | fog, a +0 leather armour.
     0 | D:1      | Reached XP level 1. HP: 29/29 MP: 1/1
     0 | D:1      | magus.rc [v1.9.6]
    94 | D:1      | Reached XP level 2. HP: 31/36 MP: 2/2
   191 | D:1      | You pick up a book of Frost and begin reading...
   191 | D:1      | You add the spells Freeze, Frozen Ramparts and Hailstorm to
                  | your library.
   894 | D:2      | Reached XP level 3. HP: 42/42 MP: 3/3
  1414 | D:2      | Reached skill level 6 in Stealth
  1506 | D:2      | Reached skill level 1 in Invocations
  1585 | D:2      | Found a faded altar of an unknown god.
  1729 | D:3      | Noticed Jessica
  1735 | D:3      | Killed Jessica
  1736 | D:3      | Reached skill level 1 in Short Blades
  1736 | D:3      | Reached skill level 1 in Long Blades
  1736 | D:3      | Reached skill level 1 in Axes
  1736 | D:3      | Reached skill level 1 in Maces & Flails
  1736 | D:3      | Reached skill level 1 in Polearms
  1736 | D:3      | Reached skill level 1 in Slings
  1736 | D:3      | Reached skill level 1 in Bows
  1736 | D:3      | Reached skill level 1 in Crossbows
  1736 | D:3      | Reached skill level 1 in Throwing
  1736 | D:3      | Reached skill level 1 in Armour
  1736 | D:3      | Reached skill level 1 in Dodging
  1736 | D:3      | Reached skill level 1 in Shields
  1736 | D:3      | Reached skill level 1 in Unarmed Combat
  1736 | D:3      | Reached skill level 1 in Spellcasting
  1736 | D:3      | Reached skill level 1 in Evocations
  1736 | D:3      | Reached XP level 4. HP: 44/48 MP: 5/5
  1877 | D:3      | Identified the +10 spear "Fuothrap" {protect, rF+ rC+
                  | Dex+3}
  2118 | D:3      | Reached skill level 1 in Conjurations
  2118 | D:3      | Reached skill level 1 in Hexes
  2118 | D:3      | Reached skill level 1 in Summonings
  2118 | D:3      | Reached skill level 1 in Necromancy
  2118 | D:3      | Reached skill level 1 in Translocations
  2118 | D:3      | Reached skill level 1 in Transmutations
  2118 | D:3      | Reached skill level 1 in Fire Magic
  2118 | D:3      | Reached skill level 1 in Ice Magic
  2118 | D:3      | Reached skill level 1 in Air Magic
  2118 | D:3      | Reached skill level 1 in Earth Magic
  2118 | D:3      | Reached skill level 1 in Poison Magic
  2252 | D:3      | Noticed Robin
  2268 | D:3      | Killed Robin
  2322 | D:3      | Reached XP level 5. HP: 54/54 MP: 6/6
  2699 | D:4      | Noticed a phantom
  2711 | D:4      | Killed a phantom
  2712 | D:4      | Reached skill level 2 in Invocations
  2712 | D:4      | Reached XP level 6. HP: 56/61 MP: 8/8
  2854 | D:4      | Reached skill level 2 in Short Blades
  2854 | D:4      | Reached skill level 2 in Long Blades
  2854 | D:4      | Reached skill level 2 in Axes
  2854 | D:4      | Reached skill level 2 in Maces & Flails
  2854 | D:4      | Reached skill level 2 in Polearms
  2854 | D:4      | Reached skill level 5 in Staves
  2854 | D:4      | Reached skill level 2 in Slings
  2854 | D:4      | Reached skill level 2 in Bows
  2854 | D:4      | Reached skill level 2 in Crossbows
  2854 | D:4      | Reached skill level 2 in Throwing
  2854 | D:4      | Reached skill level 2 in Armour
  2854 | D:4      | Reached skill level 2 in Dodging
  2854 | D:4      | Reached skill level 2 in Shields
  2854 | D:4      | Reached skill level 2 in Unarmed Combat
  2854 | D:4      | Reached skill level 2 in Spellcasting
  2854 | D:4      | Reached skill level 2 in Evocations
  3144 | D:5      | Entered Level 5 of the Dungeon
  3279 | D:5      | You fall into a shaft and drop 2 floors!
  3314 | D:6      | Found a staircase to the Ecumenical Temple.
  3321 | D:6      | Noticed a black bear
  3590 | D:7      | Noticed a sky beast
  3594 | D:7      | Reached XP level 7. HP: 67/67 MP: 10/10
  3600 | D:7      | Reached skill level 2 in Conjurations
  3600 | D:7      | Reached skill level 2 in Hexes
  3600 | D:7      | Reached skill level 2 in Summonings
  3600 | D:7      | Reached skill level 2 in Necromancy
  3600 | D:7      | Reached skill level 2 in Translocations
  3600 | D:7      | Reached skill level 2 in Transmutations
  3600 | D:7      | Reached skill level 2 in Fire Magic
  3600 | D:7      | Reached skill level 2 in Ice Magic
  3600 | D:7      | Reached skill level 2 in Air Magic
  3600 | D:7      | Reached skill level 2 in Earth Magic
  3600 | D:7      | Reached skill level 2 in Poison Magic
  3720 | D:7      | You pick up a book of Air and begin reading...
  3720 | D:7      | You add the spells Shock, Swiftness and Airstrike to your
                  | library.
  3758 | D:7      | Reached skill level 3 in Invocations
  4060 | D:7      | Reached XP level 8. HP: 59/74 MP: 12/12
  4169 | D:7      | Found an iron altar of Okawaru.
  4255 | D:7      | You add the spells Beastly Appendage, Summon Guardian Golem
                  | and Summon Horrible Things to your library.
  4255 | D:7      | Got the Almanac of Beyond
  4470 | D:7      | You pick up a book of Changes and begin reading...
  4470 | D:7      | You add the spells Wereblood and Spider Form to your
                  | library.
  4525 | D:7      | Noticed a skeletal warrior
  4525 | D:7      | Noticed a cyclops
  4532 | D:7      | Reached skill level 3 in Short Blades
  4532 | D:7      | Reached skill level 3 in Long Blades
  4532 | D:7      | Reached skill level 3 in Axes
  4532 | D:7      | Reached skill level 3 in Maces & Flails
  4532 | D:7      | Reached skill level 3 in Polearms
  4532 | D:7      | Reached skill level 3 in Slings
  4532 | D:7      | Reached skill level 3 in Bows
  4532 | D:7      | Reached skill level 3 in Crossbows
  4532 | D:7      | Reached skill level 3 in Throwing
  4532 | D:7      | Reached skill level 3 in Armour
  4532 | D:7      | Reached skill level 3 in Dodging
  4532 | D:7      | Reached skill level 3 in Shields
  4532 | D:7      | Reached skill level 3 in Unarmed Combat
  4532 | D:7      | Reached skill level 3 in Spellcasting
  4532 | D:7      | Reached skill level 3 in Evocations
  4819 | D:7      | Learned a level 2 spell: Wereblood
  5024 | D:8      | Reached skill level 11 in Fighting
  5100 | D:8      | Reached skill level 7 in Stealth
  5218 | D:8      | Noticed a hornet
  5231 | D:8      | Killed a hornet
  5232 | D:8      | Reached skill level 3 in Conjurations
  5232 | D:8      | Reached skill level 3 in Hexes
  5232 | D:8      | Reached skill level 3 in Summonings
  5232 | D:8      | Reached skill level 3 in Necromancy
  5232 | D:8      | Reached skill level 3 in Translocations
  5232 | D:8      | Reached skill level 3 in Transmutations
  5232 | D:8      | Reached skill level 3 in Fire Magic
  5232 | D:8      | Reached skill level 3 in Ice Magic
  5232 | D:8      | Reached skill level 3 in Air Magic
  5232 | D:8      | Reached skill level 3 in Earth Magic
  5232 | D:8      | Reached skill level 3 in Poison Magic
  5232 | D:8      | Reached skill level 4 in Invocations
  5494 | D:8      | Reached skill level 6 in Staves
  5496 | D:8      | Reached XP level 9. HP: 76/81 MP: 14/14
  5844 | D:8      | Reached skill level 4 in Short Blades
  5844 | D:8      | Reached skill level 4 in Long Blades
  5844 | D:8      | Reached skill level 4 in Axes
  5844 | D:8      | Reached skill level 4 in Maces & Flails
  5844 | D:8      | Reached skill level 4 in Polearms
  5844 | D:8      | Reached skill level 4 in Slings
  5844 | D:8      | Reached skill level 4 in Bows
  5844 | D:8      | Reached skill level 4 in Crossbows
  5844 | D:8      | Reached skill level 4 in Throwing
  5844 | D:8      | Reached skill level 4 in Armour
  5844 | D:8      | Reached skill level 4 in Dodging
  5844 | D:8      | Reached skill level 4 in Shields
  5844 | D:8      | Reached skill level 4 in Unarmed Combat
  5844 | D:8      | Reached skill level 4 in Spellcasting
  5844 | D:8      | Reached skill level 4 in Evocations
  5954 | D:8      | Found a staircase to the Lair.
  5955 | D:8      | Noticed a komodo dragon
  5969 | D:8      | HP: 4/81 [komodo dragon (28)]
  5976 | D:8      | Killed a komodo dragon
  6013 | Lair:1   | Entered Level 1 of the Lair of Beasts
  6390 | Lair:1   | You pick up a book of Conjurations {@e2} and begin
                  | reading...
  6390 | Lair:1   | You add the spells Magic Dart, Searing Ray and Fulminant
                  | Prism to your library.
  6620 | Lair:1   | Noticed a cane toad
  6630 | Lair:1   | Killed a cane toad
  6631 | Lair:1   | Reached skill level 5 in Invocations
  6907 | Lair:1   | HP: 20/81 [wolf (3)]
  6911 | Lair:1   | Reached XP level 10. HP: 18/88 MP: 17/17
  6915 | Lair:1   | Reached skill level 4 in Conjurations
  6915 | Lair:1   | Reached skill level 4 in Hexes
  6915 | Lair:1   | Reached skill level 4 in Summonings
  6915 | Lair:1   | Reached skill level 4 in Necromancy
  6915 | Lair:1   | Reached skill level 4 in Translocations
  6915 | Lair:1   | Reached skill level 4 in Transmutations
  6915 | Lair:1   | Reached skill level 4 in Fire Magic
  6915 | Lair:1   | Reached skill level 4 in Ice Magic
  6915 | Lair:1   | Reached skill level 4 in Air Magic
  6915 | Lair:1   | Reached skill level 4 in Earth Magic
  6915 | Lair:1   | Reached skill level 4 in Poison Magic
  7292 | Lair:1   | Noticed a four-headed hydra
  7300 | Lair:1   | Killed a four-headed hydra
  7301 | Lair:1   | Reached skill level 5 in Short Blades
  7301 | Lair:1   | Reached skill level 5 in Long Blades
  7301 | Lair:1   | Reached skill level 5 in Axes
  7301 | Lair:1   | Reached skill level 5 in Maces & Flails
  7301 | Lair:1   | Reached skill level 5 in Polearms
  7301 | Lair:1   | Reached skill level 5 in Slings
  7301 | Lair:1   | Reached skill level 5 in Bows
  7301 | Lair:1   | Reached skill level 5 in Crossbows
  7301 | Lair:1   | Reached skill level 5 in Throwing
  7301 | Lair:1   | Reached skill level 5 in Armour
  7301 | Lair:1   | Reached skill level 5 in Dodging
  7301 | Lair:1   | Reached skill level 5 in Shields
  7301 | Lair:1   | Reached skill level 5 in Unarmed Combat
  7301 | Lair:1   | Reached skill level 5 in Spellcasting
  7301 | Lair:1   | Reached skill level 5 in Evocations
  7305 | Lair:1   | Reached skill level 7 in Staves
  7305 | Lair:1   | Reached skill level 8 in Stealth
  7455 | Lair:1   | Noticed a cane toad
  7455 | Lair:1   | Noticed a cane toad
  7465 | Lair:1   | Killed a cane toad
  7471 | Lair:1   | HP: 22/89 [cane toad (15)]
  7476 | Lair:1   | HP: 19/89 [poisoned by a cane toad]
  7479 | Lair:1   | HP: 8/89 [cane toad (12)]
  7487 | Lair:1   | HP: 3/89 [cane toad (12)]
  7492 | Lair:1   | Killed a cane toad
  7796 | Lair:1   | You add the spells Blink, Manifold Assault and Storm Form
                  | to your library.
  7845 | Lair:1   | Noticed a cane toad
  7859 | Lair:1   | Killed a cane toad
  8094 | Lair:1   | Reached skill level 6 in Invocations
  8440 | Lair:2   | HP: 20/89 [komodo dragon (26)]
  8441 | Lair:2   | HP: 2/89 [komodo dragon (18)]
  9108 | D:8      | Found a snail-covered altar of Cheibriados.
  9121 | D:8      | Became a worshipper of Cheibriados the Contemplative
  9226 | D:9      | Noticed a two-headed ogre
  9237 | D:9      | Killed a two-headed ogre
  9727 | D:9      | Found Jyxivep's Magic Scroll Emporium.
  9752 | D:9      | Bought 3 scrolls of enchant weapon for 382 gold pieces
  9813 | D:9      | Found a bloodstained altar of Trog.
  9822 | D:9      | Reached XP level 11. HP: 95/95 MP: 19/19
  9966 | D:9      | Found a staircase to the Orcish Mines.
 10236 | D:10     | Entered Level 10 of the Dungeon
 10310 | D:10     | Reached * piety under Cheibriados
 10311 | D:10     | Reached skill level 12 in Fighting
 10311 | D:10     | Reached skill level 6 in Short Blades
 10311 | D:10     | Reached skill level 6 in Long Blades
 10311 | D:10     | Reached skill level 6 in Axes
 10311 | D:10     | Reached skill level 6 in Maces & Flails
 10311 | D:10     | Reached skill level 6 in Polearms
 10311 | D:10     | Reached skill level 6 in Slings
 10311 | D:10     | Reached skill level 6 in Bows
 10311 | D:10     | Reached skill level 6 in Crossbows
 10311 | D:10     | Reached skill level 6 in Throwing
 10311 | D:10     | Reached skill level 6 in Armour
 10311 | D:10     | Reached skill level 6 in Dodging
 10311 | D:10     | Reached skill level 6 in Shields
 10311 | D:10     | Reached skill level 6 in Unarmed Combat
 10311 | D:10     | Reached skill level 6 in Spellcasting
 10311 | D:10     | Reached skill level 6 in Evocations
 10719 | D:10     | Reached skill level 5 in Conjurations
 10719 | D:10     | Reached skill level 5 in Hexes
 10719 | D:10     | Reached skill level 5 in Summonings
 10719 | D:10     | Reached skill level 5 in Necromancy
 10719 | D:10     | Reached skill level 5 in Translocations
 10719 | D:10     | Reached skill level 5 in Transmutations
 10719 | D:10     | Reached skill level 5 in Fire Magic
 10719 | D:10     | Reached skill level 5 in Ice Magic
 10719 | D:10     | Reached skill level 5 in Air Magic
 10719 | D:10     | Reached skill level 5 in Earth Magic
 10719 | D:10     | Reached skill level 5 in Poison Magic
 11360 | D:10     | Reached skill level 7 in Invocations
 11731 | D:11     | Noticed Psyche
 11750 | D:10     | Killed Psyche
 11751 | D:10     | Reached skill level 8 in Staves
 11946 | D:11     | Noticed a boulder beetle
 12011 | D:11     | Killed a boulder beetle
 12012 | D:11     | Reached skill level 9 in Stealth
 12209 | D:11     | Noticed a manticore
 12223 | D:11     | Killed a manticore
 12223 | D:11     | Reached ** piety under Cheibriados
 12663 | D:12     | HP: 22/96 [very large slime creature (33)]
 12668 | D:12     | Reached XP level 12. HP: 22/103 MP: 22/22
 12668 | D:12     | Demolished by a very large slime creature

Vanquished Creatures
  A boulder beetle (D:11)
  A hydra (Lair:1)
  A two-headed ogre (D:9)
  3 slime creatures (D:10)
  A manticore (D:11)
  4 molten gargoyles (D:11)
  4 cane toads (Lair:1)
  A gargoyle (D:10)
  2 komodo dragons
  An unseen horror (D:10)
  Psyche (D:10)
  2 trolls
  A hornet (D:8)
  A wraith (D:10)
  A wyvern (Lair:1)
  2 vampires
  2 basilisks (Lair:1)
  7 yaks (D:10)
  A steam dragon (D:8)
  An acid dragon (D:9)
  2 water moccasins (Lair:1)
  2 sky beasts (D:7)
  2 black bears (D:9)
  An orc warrior (D:11)
  An ogre (D:7)
  A centaur (D:9)
  5 wolves (Lair:1)
  2 kobold brigands (D:8)
  A phantom (D:4)
  4 bullfrogs
  A necrophage (D:7)
  2 scorpions
  9 wights (D:8)
  3 howler monkeys
  3 electric eels (D:7)
  A jelly (D:4)
  4 orc priests
  A hound (D:4)
  An iron imp (D:8)
  Jessica (D:3)
  5 orc wizards
  2 iguanas
  Robin (D:3)
  5 adders
  A worm (D:3)
  2 dart slugs
  14 orcs
  6 endoplasms
  2 giant cockroaches (D:3)
  9 goblins
  9 hobgoblins
  4 jackals (D:2)
  5 quokkas
  6 ball pythons
  5 bats
  5 frilled lizards
  16 kobolds
  5 rats (D:1)
187 creatures vanquished.

Vanquished Creatures (collateral kills)
  A slime creature (D:12)
1 creature vanquished.

Vanquished Creatures (others)
  An orc (D:11)
  A fungus (Lair:1)
  13 plants
15 creatures vanquished.

Grand Total: 203 creatures vanquished

Table legend:
 A = Non-vault XP
 B = Vault XP
 C = Vault XP percentage of total XP
 D = Non-vault monster count
 E = Vault monster count
 F = Vault count percentage of total count
                 A         B        C        D         E       F
            +---------+---------+-------+---------+---------+-------
      Total |   14776 |    3845 |  20.6 |     162 |      26 |  13.8
            +---------+---------+-------+---------+---------+-------
        D:1 |      32 |       0 |   0.0 |      23 |       0 |   0.0
        D:2 |      31 |       0 |   0.0 |      12 |       0 |   0.0
        D:3 |      31 |      73 |  70.2 |      14 |      13 |  48.1
        D:4 |     353 |       0 |   0.0 |      16 |       0 |   0.0
        D:5 |      29 |       0 |   0.0 |       3 |       0 |   0.0
        D:6 |      47 |       0 |   0.0 |       3 |       0 |   0.0
        D:7 |     660 |      87 |  11.6 |       8 |       1 |  11.1
        D:8 |    1710 |     400 |  19.0 |      32 |       2 |   5.9
        D:9 |    1538 |     247 |  13.8 |      12 |       2 |  14.3
       D:10 |    4377 |     353 |   7.5 |      16 |       1 |   5.9
       D:11 |    2045 |    1759 |  46.2 |       6 |       4 |  40.0
       D:12 |     315 |       0 |   0.0 |       3 |       0 |   0.0
     Lair:1 |    3608 |     439 |  10.8 |      14 |       1 |   6.7
     Lair:2 |       0 |     487 | 100.0 |       0 |       2 | 100.0
            +---------+---------+-------+---------+---------+-------

Illustrated notes

Table legend:
 A = Kills in this place as a percentage of kills in entire the game.
 B = Kills by you in this place as a percentage of kills by you in the entire game.
 C = Kills by friends in this place as a percentage of kills by friends in the entire game.
 D = Other kills in this place as a percentage of other kills in the entire game.
 E = Experience gained in this place as a percentage of experience gained in the entire game.
 F = Experience gained in this place divided by the number of levels of this place that you have seen.
                   A       B       C       D       E      F
               +-------+-------+-------+-------+-------+----------------------
         Total | 100.0 | 100.0 | 100.0 |   N/A | 100.0 | 1330.1
       Dungeon |  91.0 |  90.9 | 100.0 |   N/A |  75.7 | 1173.9
          Lair |   9.0 |   9.1 |   0.0 |   N/A |  24.3 | 2267.0
               +-------+-------+-------+-------+-------+----------------------

Table legend: (Time is in decaauts)
 A = Elapsed time spent in this place.
 B = Non-inter-level travel time spent in this place.
 C = Inter-level travel time spent in this place.
 D = Time resting spent in this place.
 E = Time spent auto-exploring this place.
 F = Levels seen in this place.
 G = Mean time per level.
                   A        B        C        D        E       F      G
               +--------+--------+--------+--------+--------+-----+--------+
         Total |  13462 |  13070 |    392 |   1557 |   9915 |  14 |  961.6 |
       Dungeon |  10524 |  10165 |    359 |    591 |   8146 |  12 |  877.0 |
          Lair |   2937 |   2905 |     32 |    966 |   1769 |   2 | 1468.5 |
               +--------+--------+--------+--------+--------+-----+--------+

Top non-repeatable levels by time:
  Lair:1: 2909 daAuts
    D:10: 1881 daAuts
     D:7: 1714 daAuts
     D:8: 1348 daAuts
     D:9: 1214 daAuts
    D:11: 1060 daAuts
     D:1: 854 daAuts
     D:2: 841 daAuts
     D:3: 822 daAuts
     D:4: 621 daAuts
     D:5: 133 daAuts
  Lair:2: 28 daAuts
    D:12: 18 daAuts
     D:6: 14 daAuts
